 Dungeon Crawl Stone Soup version 0.27-a0-1101-ge311f74 (webtiles) character file.

Game seed: 11860455691713041391

5 GeorgeSoros the Sneak (level 1, 0/17 HPs)
             Began as a Vampire Delver on Apr 28, 2021.
             Succumbed to an adder's poison
             ... on level 3 of the Dungeon.
             The game lasted 00:02:31 (232 turns).

GeorgeSoros the Sneak (Vampire Delver)               Turns: 232, Time: 00:02:31

Health: 0/17       AC:  3    Str: 11    XL:     1   Next: 66%
Magic:  1/1        EV: 12    Int: 12    God:
Gold:   0          SH:  0    Dex: 15    Spells: 0/0 levels left

rFire    . . .     SeeInvis +   a - +0 short sword
rCold    . . .     Faith    .   (no shield)
rNeg     . . .     Spirit   .   b - +0 leather armour
rPois    .         Reflect  .   (no helmet)
rElec    .         Harm     .   (no cloak)
rCorr    .         Rampage  .   (no gloves)
Will     .....                  (no boots)
Stlth    +++.......             (no amulet)
HPRegen  0.25/turn              (no ring)
MPRegen  0.07/turn              (no ring)

@: lethally poisoned (0 -> -1), healing quickly, hasted, very quick
A: alive, fangs 3, see invisible, unbreathing 1, vampiric 1
a: Exsanguinate


You were on level 3 of the Dungeon.
You visited 1 branch of the dungeon, and saw 4 of its levels.

Inventory:

Hand Weapons
 a - a +0 short sword (weapon)
Armour
 b - a +0 leather armour (worn)
Wands
 g - a wand of digging (3)
Scrolls
 c - a scroll of fog
 d - a scroll of magic mapping


   Skills:
 + Level 2.8 Fighting
 + Level 2.3 Short Blades
 + Level 2.3 Dodging
 + Level 7.3 Stealth


You couldn't memorise any spells.
You didn't know any spells.
Your spell library was empty.

Dungeon Overview and Level Annotations

Branches:
Dungeon (5/15)
 Temple: D:4-7

Altars:
Hepliaklqana

Annotations:
D:3 Ijyb


Innate Abilities, Weirdness & Mutations

Your natural rate of healing is accelerated.
You have razor-sharp teeth.
You have supernaturally acute eyesight. (SInv)
You can survive without breathing.
You are afflicted with vampirism.


Message History

The adder hisses angrily.
The goblin shouts!
You hear a shout!
You hear a bark!
Found 21 gold pieces.
There is a stone staircase leading down here.
The adder barely misses you.
You climb downwards.
Level annotation: Ijyb
There is a stone staircase leading up here.
You hit the adder. Your bite misses the adder.
The adder is lightly wounded.
The adder misses you.
You hit the adder but do no damage.
The adder is lightly wounded.
The adder completely misses you.
You hit the adder.
The adder is heavily wounded.
The adder bites you.
You are poisoned.
The adder poisons you! The adder bites you.
You are lethally poisoned!
The adder poisons you!
As you read the scroll of fear, it crumbles to dust.
You assume a fearsome visage.
The adder looks frightened!
You feel very sick.
As you read the scroll labelled LODUNK FETTEEQ, it crumbles to dust.
It is a scroll of amnesia.
You feel forgetful for a moment.
You feel very sick.
Okay, then.
* * * LOW HITPOINT WARNING * * *
You feel sick.
* * * LOW HITPOINT WARNING * * *
You feel sick.
* * * LOW HITPOINT WARNING * * *
You feel sick.
You feel yourself speed up.
* * * LOW HITPOINT WARNING * * *
You feel sick.
* * * LOW HITPOINT WARNING * * *
You feel sick.
You die...

...#### #.######
......#######.####.####
...##.......†.........## ###
#.###########.#..#...#.###.#
#.# #.#............# #.#
#......†#..#.### #.#
#########.#.......# #.#
#.[S....#.####..###
#.######.......#@# #..#
#......#.).....#.# ......
######.#.........#.###....
#.#.......### .......
#.#.......# ....###
#.#......<# ....#
####.######### #g##.#
#......#########..<.
#.##.#..............


There were no monsters in sight!

Vanquished Creatures
  An endoplasm (D:3)
  A hobgoblin (D:3)
  A kobold (D:3)
  A ball python (D:3)
  A frilled lizard (D:3)
5 creatures vanquished.

Notes
Turn   | Place    | Note
-------+----------+-------------------------------------------
     0 | D:5      | GeorgeSoros the Vampire Delver began the quest for the Orb.
     0 | D:5      | Reached XP level 1. HP: 17/17 MP: 1/1
    26 | D:5      | Noticed a jelly
    27 | D:5      | Noticed a sky beast
    44 | D:5      | Noticed a howler monkey
    49 | D:5      | Noticed a scorpion
    56 | D:4      | Noticed a jelly
    57 | D:4      | Found a hazy altar of Hepliaklqana.
    82 | D:3      | Noticed Ijyb
   232 | D:3      | Succumbed to an adder's poison

Illustrated notes

Levels and vault maps discovered:
D:2:      layout_rooms, hellmonk_ecumenical_altar_dog_temple, serial_shops,
          shop, st_stairs_9, serial_park_tiny_2, lexackson_kobold_supper,
          uniq_crazy_yiuf_cottage
D:3:      layout_loops_cross, chequers_temple_overflow_minitemple,
          gammafunk_temple_overflow_wave, uniq_ijyb, uniq_jessica, uniq_grinder
D:4:      minmay_evil_eye, layout_basic, grunt_dithmenos_smoke,
          lemuel_crystal_altar, gammafunk_ghost_abyssal_escape, serial_shops,
          nicolae_shop_waterfront, dk_vineyard_3
D:5:      layout_basic, nicolae_vehumet_altar_sigil,
          minmay_temple_entry_junction_2

Action                   || total
-------------------------++-------
Melee: Short sword       ||    17
       Bite              ||     3
  Use: Scroll            ||     2
       Potion            ||     1
 Stab: Sleeping          ||     2
Armor: Leather armour    ||     6
Dodge: Dodged            ||    10

Table legend: (Time is in decaauts)
 A = Elapsed time spent in this place.
 B = Non-inter-level travel time spent in this place.
 C = Inter-level travel time spent in this place.
 D = Time resting spent in this place.
 E = Time spent auto-exploring this place.
 F = Levels seen in this place.
 G = Mean time per level.
                   A        B        C        D        E       F      G
               +--------+--------+--------+--------+--------+-----+--------+
         Total |    230 |    230 |      0 |     22 |      0 |   4 |   57.5 |
       Dungeon |    230 |    230 |      0 |     22 |      0 |   4 |   57.5 |
               +--------+--------+--------+--------+--------+-----+--------+

Top non-repeatable levels by time:
     D:3: 147 daAuts
     D:5: 56 daAuts
     D:4: 25 daAuts
     D:2: 1 daAuts
